 Dungeon Crawl Stone Soup version 0.30.0-18-gf1372a6a44 (webtiles) character file.

Game seed: 14098428321751257052

480 qw the Chopper (level 7, -6/38 HPs)
             Began as a Gargoyle Fighter on May 21, 2023.
             Was an Initiate of Okawaru.
             Killed from afar by an orc wizard (9 damage)
             ... with a puff of flame
             ... on level 7 of the Dungeon.
             The game lasted 00:01:28 (2977 turns).

qw the Chopper (Gargoyle Fighter)                   Turns: 2977, Time: 00:01:28

Health: -6/38      AC: 16    Str: 22    XL:     7   Next: 11%
Magic:  7/7        EV:  6    Int:  8    God:    Okawaru [......]
Gold:   227        SH:  4    Dex:  9    Spells: 6/6 levels left

rFire   . . .        Y - +1 war axe
rCold   . . .        c - +0 buckler
rNeg    + . .        f - +0 plate armour
rPois   inf          (helmet restricted)
rElec   +            g - scarf {repulsion}
rCorr   .            (no gloves)
SInv    +            (no boots)
Will    .....        (no amulet) Stlth
                     (no ring)
HPRegen 0.26/turn    (no ring)
MPRegen 0.10/turn

%: repel missiles
@: no status effects
A: sickness immunity, AC +4, negative energy resistance 1, electricity
resistance, torment resistance 1, petrification resistance, antennae 1, hooves
1, see invisible, frail 1
a: Renounce Religion


You were on level 7 of the Dungeon.
You worshipped Okawaru.
Okawaru was noncommittal.
You visited 2 branches of the dungeon, and saw 6 of its levels.

You collected 227 gold pieces.


Innate Abilities, Weirdness & Mutations

You are immune to sickness and miasma.
Your stone body is resilient. (AC +4)
You are immune to poison.
You resist negative energy. (rN+)
You are resistant to electric shocks. (rElec)
You are resistant to unholy torment.
You are immune to petrification.
You have a pair of small antennae on your head.
You have large cloven feet.
You have supernaturally acute eyesight. (SInv)
You are frail. (-10% HP)


   Skills:
 - Level 4.0 Fighting
 + Level 5.1 Axes
 - Level 3.7 Throwing
 - Level 3.2 Armour
 - Level 3.2 Shields


You had 6 spell levels left.
You didn't know any spells.
Your spell library was empty.

Inventory:

Hand Weapons
 b - a +0 flail
 Y - a +1 war axe (weapon)
Missiles
 m - 2 javelins (quivered)
Armour
 c - a +0 buckler (worn)
 f - a +0 plate armour (worn)
 g - a scarf of repulsion (worn)
 i - a +0 pair of boots
Scrolls
 a - 3 scrolls of identify
Potions
 d - a potion of might
 h - a potion of curing
 l - 2 potions of lignification

Dungeon Overview and Level Annotations

Branches:
Dungeon (7/15)             Temple (1/1) D:7

Altars:
Ashenzari
Cheibriados
Dithmenos
Elyvilon
Fedhas
Gozag
Hepliaklqana
Kikubaaqudgha
Makhleb
Nemelex Xobeh
Okawaru
Ru
Sif Muna
Trog
Uskayaw
Vehumet
Wu Jian
Xom
Yredelemnul
The Shining One

Annotations:
D:3 3 runed translucent doors, qw's ghost, amateur GrFi


Message History

The orc wizard hits you but does no damage.
The orc warrior hits you but does no damage.
You barely miss the orc warrior. Your kick misses the orc warrior.
The orc warrior is moderately wounded.
You barely miss the orc wizard. You hit the orc.
The orc wizard hits you but does no damage.
The orc hits you but does no damage.
The orc warrior hits you with a +0 halberd.
You hit the orc warrior but do no damage.
Your kick misses the orc warrior.
The orc warrior is moderately wounded.
You closely miss the orc wizard. You barely miss the orc.
The orc wizard hits you with a +0 dagger.
The orc hits you but does no damage.
The orc warrior hits you with a +0 halberd.
You slash the orc warrior!
The orc warrior is severely wounded.
You miss the orc wizard. You hit the orc. The orc hits you but does no damage.
The orc wizard hits you with a +0 dagger.
The orc warrior barely misses you.
The orc wizard hits you but does no damage.
The orc hits you but does no damage.
The gnoll sergeant completely misses you.
The orc warrior hits you with a +0 halberd.
You hit the orc warrior.
You kick the orc warrior, but do no damage.
The orc warrior is severely wounded.
You completely miss the orc wizard. You hit the orc but do no damage.
The orc wizard hits you but does no damage.
The orc hits you but does no damage.
The orc warrior hits you with a +0 halberd.
You block the gnoll sergeant's attack.
You barely miss the orc warrior. Your kick misses the orc warrior.
The orc warrior is severely wounded.
You closely miss the orc wizard. You hit the orc but do no damage.
The orc hits you with a +0 dagger.
The orc wizard gestures at you while chanting.
The puff of flame hits you!
You die...

.........
#....(..
#....... ......
....# .. g..#
#..# #oo#.....
####@o...#
#.#..##..#
#.....# ...
#............ .
......###......#
###..# ##.>...#
##. ....... .
..>.... . .
.......


You could see an orc warrior, a gnoll sergeant, an orc wizard and an orc.

Vanquished Creatures
  Sigmund (D:2)
  A phantom (D:4)
  A bullfrog (D:7)
  A hound (D:7)
  3 adders
  3 gnolls (D:7)
  2 worms (D:2)
  2 dart slugs
  3 orcs
  9 endoplasms
  3 giant cockroaches
  6 goblins
  6 hobgoblins
  2 jackals (D:7)
  10 kobolds
  3 quokkas
  5 ball pythons
  2 bats
  4 frilled lizards
  4 rats
71 creatures vanquished.

Vanquished Creatures (others)
  An adder (D:3)
1 creature vanquished.

Grand Total: 72 creatures vanquished

Notes
Turn   | Place    | Note
-------+----------+-------------------------------------------
     0 | D:1      | qw the Gargoyle Fighter began the quest for the Orb.
     0 | D:1      | Reached XP level 1. HP: 14/14 MP: 1/1
     0 | D:1      | 0 ||| qw: Version: 0.2-a-98-g16b38d9
     0 | D:1      | 0 ||| qw: Game counter: 21
     0 | D:1      | 0 ||| qw: Always use a shield: true
     0 | D:1      | 0 ||| qw: God list: Okawaru
     0 | D:1      | 0 ||| qw: Allow faded altars: false
     0 | D:1      | 0 ||| qw: Do Orc after D:15 true
     0 | D:1      | 0 ||| qw: Do second Lair branch before Depths: true
     0 | D:1      | 0 ||| qw: Lair rune preference: random
     0 | D:1      | 0 ||| qw: Plans: Normal, Zot:1-4, God:TSO, Crypt, Tomb,
                  | Pan, Slime:5, Hells, Abyss, Win
     0 | D:1      | 0 ||| PLANNING D:1-11
    90 | D:1      | Reached skill level 2 in Axes
   122 | D:1      | Reached XP level 2. HP: 19/19 MP: 2/2
   172 | D:1      | Found a faded altar of an unknown god.
   392 | D:1      | Reached skill level 3 in Axes
   397 | D:1      | Reached XP level 3. HP: 23/23 MP: 3/3
   886 | D:1      | 886 ||| UPGRADING to scarf of repulsion.
   891 | D:1      | 891 ||| UPGRADING to +0 chain mail.
   901 | D:1      | 901 ||| DROPPING +0 scale mail.
   902 | D:1      | 902 ||| READING 4 scrolls labelled CEBYFYNLUS.
   903 | D:1      | 903 ||| READING scroll labelled LUPARI YGELUO.
   907 | D:1      | 907 ||| DRINKING 2 yellow potions.
   907 | D:1      | Gained mutation: You are frail. (-10% HP) [potion of
                  | mutation]
   907 | D:1      | Gained mutation: You are very frail. (-20% HP) [potion of
                  | mutation]
   907 | D:1      | Gained mutation: Potions are less effective at restoring
                  | your health. [potion of mutation]
   908 | D:1      | 908 ||| DRINKING potion of mutation.
   908 | D:1      | Lost mutation: Potions are less effective at restoring your
                  | health. [potion of mutation]
   908 | D:1      | Lost mutation: You are very frail. (-20% HP) [potion of
                  | mutation]
   908 | D:1      | Gained mutation: You have hidden genetic potential. [potion
                  | of mutation]
   908 | D:1      | Gained mutation: You have supernaturally acute eyesight.
                  | (SInv) [potion of mutation]
   917 | D:1      | 917 ||| READING 3 scrolls of identify.
   917 | D:1      | 917 ||| IDENTIFYING sedimented sapphire potion
   918 | D:1      | 918 ||| READING 2 scrolls of identify.
   918 | D:1      | 918 ||| IDENTIFYING fizzy cyan potion
  1011 | D:2      | 1011 ||| DROPPING +0 club.
  1229 | D:2      | Reached XP level 4. HP: 25/25 MP: 4/4
  1249 | D:2      | 1249 ||| Stepping ~*~*~tactically~*~*~ (hiding).
  1254 | D:2      | Noticed Sigmund
  1263 | D:2      | Gained mutation: You have a pair of small antennae on your
                  | head. [hidden potential]
  1270 | D:2      | Killed Sigmund
  1271 | D:2      | Reached skill level 3 in Throwing
  1271 | D:2      | Reached XP level 5. HP: 15/28 MP: 5/5
  1271 | D:2      | Reached XP level 6. HP: 17/33 MP: 6/6
  1280 | D:2      | Gained mutation: You have large cloven feet. [hidden
                  | potential]
  1280 | D:2      | Lost mutation: You have hidden genetic potential. [hidden
                  | potential expressed]
  1537 | D:2      | 1537 ||| UPGRADING to +0 plate armour.
  1547 | D:2      | 1547 ||| DROPPING +0 chain mail.
  1548 | D:2      | 1548 ||| READING scroll labelled CANENO UPROIZ.
  1549 | D:2      | 1549 ||| READING scroll labelled TETESA QELI.
  1550 | D:2      | 1550 ||| READING scroll labelled FEXU CEJEUD.
  1551 | D:2      | 1551 ||| READING scroll labelled HYN NIHATRYU.
  1552 | D:2      | 1552 ||| READING scroll labelled SOOSUB XEATEXE.
  1553 | D:2      | 1553 ||| READING 4 scrolls of identify.
  1553 | D:2      | 1553 ||| IDENTIFYING sapphire potion
  1554 | D:2      | 1554 ||| READING 3 scrolls of identify.
  1554 | D:2      | 1554 ||| IDENTIFYING green potion
  1555 | D:2      | 1555 ||| DROPPING potion of flight.
  1556 | D:2      | 1556 ||| DROPPING potion of magic.
  1597 | D:3      | 1597 ||| STAIRDANCE
  1601 | D:2      | Reached skill level 4 in Axes
  1653 | D:2      | 1653 ||| DROPPING +0 whip.
  2143 | D:3      | Found a runed translucent gate.
  2143 | D:3      | Found a runed translucent gate.
  2143 | D:3      | Found a runed translucent gate.
  2148 | D:3      | Noticed qw's ghost (amateur GrFi)
  2424 | D:3      | 2424 ||| READING scroll labelled JEQYBEISES.
  2425 | D:3      | 2425 ||| READING scroll labelled KAUMA XECSEIKH.
  2426 | D:3      | 2426 ||| READING 3 scrolls of identify.
  2426 | D:3      | 2426 ||| IDENTIFYING orange potion
  2427 | D:3      | 2427 ||| READING 2 scrolls of identify.
  2427 | D:3      | 2427 ||| IDENTIFYING metallic green potion
  2428 | D:3      | 2428 ||| DROPPING potion of invisibility.
  2476 | D:4      | Found a burning altar of Makhleb.
  2567 | D:4      | Identified the +1 robe of Weajeust {MP+9 Str+2}
  2753 | D:4      | You fall into a shaft and drop 3 floors!
  2753 | D:7      | Found a staircase to the Ecumenical Temple.
  2754 | D:7      | 2754 ||| PLANNING TEMPLE
  2760 | Temple   | Entered the Ecumenical Temple
  2760 | Temple   | Found a transporter.
  2760 | Temple   | Found a transporter.
  2762 | Temple   | Found a transporter.
  2762 | Temple   | Found a transporter.
  2772 | Temple   | 2772 ||| PLANNING D:1-11
  2789 | Temple   | 2789 ||| PLANNING OKAWARU WORSHIP
  2796 | Temple   | Became a worshipper of Warmaster Okawaru
  2796 | Temple   | 2796 ||| PLANNING D:1-11
  2832 | D:7      | 2832 ||| Stepping ~*~*~tactically~*~*~ (hiding).
  2833 | D:7      | 2833 ||| Stepping ~*~*~tactically~*~*~ (hiding).
  2917 | D:7      | Reached skill level 5 in Axes
  2928 | D:7      | HP: 8/33 [gnoll sergeant/+1 spear of venom (4)]
  2929 | D:7      | 2929 ||| READING scroll of teleportation.
  2930 | D:7      | 2930 ||| DRINKING potion of heal wounds.
  2941 | D:7      | Reached XP level 7. HP: 20/38 MP: 7/7
  2946 | D:7      | 2946 ||| Stepping ~*~*~tactically~*~*~ (stealth).
  2958 | D:7      | 2958 ||| Stepping ~*~*~tactically~*~*~ (hiding).
  2967 | D:7      | 2967 ||| DRINKING 2 potions of curing.
  2967 | D:7      | 2967 ||| (to cure confusion)
  2975 | D:7      | HP: 6/38 [orc warrior/+0 halberd (5)]
  2977 | D:7      | Killed from afar by an orc wizard

Levels and vault maps discovered:
D:1:      saegor_arrival_simple_c, layout_loops_ring,
          shapermc_ecumenical_altar_hornbeckon, minmay_small_reverse_x
D:2:      layout_rooms, st_stairs_14, uniq_sigmund
D:3:      layout_loops_ring, gammafunk_ghost_nasty_kobolds
D:4:      layout_basic, mainiacjoe_overflow_swirl, mainiacjoe_overflow_catwalk,
          amcnicky_mini_pool_small
D:7:      layout_cave_pools, temple_fountains, serial_gnoll_camp,
          gnoll_camp_mini_basic, gnoll_camp_mini_house, gnoll_camp_mini_house,
          gnoll_camp_mini_loothouse
Temple:   hellmonk_temple_divided_pantheon

Skill      XL: |  1  2  3  4  5  6 |
---------------+-------------------+-----
Axes           | 2 3 5 |  5.1
Throwing       | 3 |  3.7
Fighting       | 4 |  4.0
Armour         | |  3.2
Shields        | |  3.2

Action                     |  1- 3 |  4- 6 |  7- 9 || total
---------------------------+-------+-------+-------++-------
  Melee: War axe           |   121 |    89 |    12 ||   222
         Kick              |       |     9 |     3 ||    12
  Throw: Javelin           |     4 |    27 |     2 ||    33
    Use: Scroll            |     4 |    12 |       ||    16
         Potion            |     2 |     1 |     1 ||     4
 Armour: Scale mail        |    30 |       |       ||    30
         Chain mail        |    32 |     8 |       ||    40
         Plate armour      |       |    39 |    13 ||    52
  Dodge: Dodged            |    45 |    28 |     3 ||    76
         Repelled          |       |     1 |       ||     1
  Block: Buckler           |    16 |    16 |     4 ||    36

Table legend:
 A = Non-vault XP
 B = Vault XP
 C = Vault XP percentage of total XP
 D = Non-vault monster count
 E = Vault monster count
 F = Vault count percentage of total count
                 A         B        C        D         E       F
            +---------+---------+-------+---------+---------+-------
      Total |     353 |     333 |  48.5 |      61 |      11 |  15.3
            +---------+---------+-------+---------+---------+-------
        D:1 |      36 |       7 |  16.3 |      19 |       4 |  17.4
        D:2 |      60 |     239 |  79.9 |      23 |       1 |   4.2
        D:3 |      36 |       0 |   0.0 |      10 |       0 |   0.0
        D:4 |     128 |       0 |   0.0 |       8 |       0 |   0.0
        D:7 |      93 |      87 |  48.3 |       1 |       6 |  85.7
            +---------+---------+-------+---------+---------+-------
